 Dungeon Crawl Stone Soup version 0.22.1-6-g1668fe2 (console) character file.

644 erker the Changer (level 7, -1/45 HPs)
             Began as an Octopode Transmuter on Jan 18, 2019.
             Slain by a gnoll
             ... wielding a cursed -1 halberd
              (2 damage)
             ... on level 6 of the Dungeon on Jan 19, 2019.
             The game lasted 00:23:45 (5676 turns).

erker the Changer (Octopode Transmuter)             Turns: 5676, Time: 00:23:45

Health: -1/45      AC:  1    Str: 10    XL:     7   Next: 52%
Magic:  10/10      EV:  7    Int: 17    God:
Gold:   185        SH:  0    Dex: 12    Spells: 3/10 levels left

rFire    . . .     SeeInvis .   s - staff of wizardry
rCold    . . .     Gourm    .   (no shield)
rNeg     . . .     Faith    .   (helmet restricted)
rPois    .         Spirit   .   (no amulet)
rElec    .         Reflect  .   i - ring of teleportation (curse)
rCorr    .         Harm     .   q - ring of stealth
MR       .....     Rnd*Tele +   (no ring)
Stlth    +++.......             (no ring)
HPRegen  0.15/turn              (no ring)
MPRegen  0.12/turn              (no ring)
                                (no ring)
                                (no ring)

@: flying, held
A: almost no armour, stealthy swim, amphibious, 8 rings, constrict 8, camouflage
1, gelatinous body 1
a: no special abilities


You were on level 6 of the Dungeon.
You were hungry.

You visited 1 branch of the dungeon, and saw 6 of its levels.

You collected 185 gold pieces.

Inventory:

Missiles
 a - 35 arrows
 f - 8 tomahawks (quivered)
 k - 47 bolts
 o - 4 poisoned needles
Magical Staves
 s - an uncursed staff of wizardry (weapon)
Jewellery
 i - a cursed ring of teleportation (left tentacle)
 q - a ring of stealth (right tentacle)
Wands
 b - a wand of iceblast (13)
 j - a wand of acid (10)
 p - a wand of paralysis (15)
Scrolls
 d - a scroll of magic mapping {unknown}
 e - 3 scrolls of amnesia {unknown}
 g - 4 scrolls of teleportation {unknown}
 h - 5 scrolls of remove curse {unknown}
 m - 4 scrolls of identify {unknown}
 n - a scroll of enchant weapon {unknown}
Potions
 l - a potion of flight
Comestibles
 c - 10 rations


   Skills:
 - Level 2.0 Fighting
 - Level 2.0 Dodging
 + Level 4.8 Unarmed Combat
 - Level 2.4 Spellcasting
 * Level 5.9 Transmutations
 - Level 2.9 Ice Magic


You had 3 spell levels left.
You knew the following spells:

 Your Spells              Type           Power        Failure   Level  Hunger
a - Beastly Appendage     Tmut           ###...       1%          1    #......
t - Sticks to Snakes      Tmut           ###.....     1%          2    ##.....
y - Ice Form              Ice/Tmut       ###.....     12%         4    #####..

Your spell library contained the following spells:

 Spells                   Type           Power        Failure   Level  Hunger
 Spider Form              Tmut/Pois      ##........   7%          3    ###....
 Blade Hands              Tmut           ###.......   17%         5    ######.


Dungeon Overview and Level Annotations

Branches:
Dungeon (6/15)             Temple (0/1) D:6

Altars:
Elyvilon
Fedhas
Gozag
Wu Jian
Yredelemnul
Zin

Annotations:
D:5 Eustachio
D:6 Grinder


Innate Abilities, Weirdness & Mutations

You cannot wear most types of armour.
You are very stealthy in the water. (Stealth+)
You are amphibious.
You can wear up to eight rings at the same time.
You can use your tentacles to constrict eight enemies at once.
Your skin changes colour to match your surroundings (Stealth+).
Your rubbery body absorbs attacks. (AC +1, EV +1)


Message History

You see here a throwing net.
You struggle against the net.
An orc comes into view.
The howler monkey hits you! The gnoll hits you with a halberd!
The gnoll barely misses you.
You struggle against the net.
The gnoll hits you with a whip.
* * * LOW HITPOINT WARNING * * *
The howler monkey hits you.
* * * LOW HITPOINT WARNING * * *
You struggle against the net.
The gnoll barely misses you. x2
The howler monkey barely misses you. The gnoll barely misses you.
A howler monkey zombie comes into view.
The gnoll hits you.
* * * LOW HITPOINT WARNING * * *
It was a potion of flight.
You feel very buoyant.
You fly up into the air.
The howler monkey hits you.
* * * LOW HITPOINT WARNING * * *
The gnoll hits you with a halberd.
You die...

...
########...
#.......o..
#........$. #
#........# #.
#........# ..
#.gh.....# #.
#.g@.$...# ##
#..gg......
..⌠...###.###
........# .Z
#"⌠.>.⌠.# #
#........
#...⌠....
#.##%....


You could see a howler monkey, 4 gnolls, an orc and a howler monkey zombie.

Vanquished Creatures
  A black bear (D:6)
  A jelly (D:5)
  2 hounds
  An orc priest (D:4)
  2 orc wizards
  An iguana (D:4)
  3 worker ants (D:5)
  A killer bee zombie (D:5)
  5 adders
  4 gnolls (D:3)
  A howler monkey skeleton (D:4)
  3 worms
  4 leopard geckos
  9 orcs
  3 ball pythons
  11 bats
  5 giant cockroaches
  12 hobgoblins
  9 jackals
  10 kobolds
  2 quokkas
  3 frilled lizards
  8 goblins
  A quokka skeleton (D:5)
  9 rats
111 creatures vanquished.

Vanquished Creatures (collateral kills)
  An ogre (D:5)
1 creature vanquished.

Grand Total: 112 creatures vanquished

Notes
Turn   | Place    | Note
-------+----------+-------------------------------------------
     0 | D:1      | erker the Octopode Transmuter began the quest for the Orb.
     0 | D:1      | Reached XP level 1. HP: 13/13 MP: 3/3
   225 | D:1      | Reached XP level 2. HP: 18/18 MP: 3/5
   229 | D:1      | Learned a level 2 spell: Sticks to Snakes
  1132 | D:2      | Reached skill level 3 in Transmutations
  1135 | D:2      | Reached XP level 3. HP: 22/23 MP: 4/6
  1796 | D:2      | Reached XP level 4. HP: 20/28 MP: 5/7
  1815 | D:2      | Found a basalt altar of Yredelemnul.
  2451 | D:3      | Found a white marble altar of Elyvilon.
  2860 | D:3      | Learned a level 4 spell: Ice Form
  2970 | D:3      | Reached XP level 5. HP: 34/34 MP: 8/8
  2973 | D:3      | Reached skill level 1 in Ice Magic
  3723 | D:4      | Reached skill level 4 in Transmutations
  3723 | D:4      | Reached XP level 6. HP: 30/39 MP: 7/9
  3908 | D:4      | Found a blossoming altar of Fedhas.
  4260 | D:5      | Entered Level 5 of the Dungeon
  4326 | D:5      | Found an ornate altar of the Wu Jian Council.
  4569 | D:5      | Reached skill level 5 in Transmutations
  4569 | D:5      | Reached XP level 7. HP: 32/45 MP: 5/10
  4945 | D:5      | Noticed Eustachio
  5460 | D:5      | Found a glowing silver altar of Zin.
  5532 | D:5      | Found an opulent altar of Gozag.
  5637 | D:6      | Noticed Grinder
  5672 | D:6      | Found a staircase to the Ecumenical Temple.
  5676 | D:6      | HP: 1/45 [howler monkey (6)]
  5676 | D:6      | Slain by a gnoll

Skill      XL: |  1  2  3  4  5  6 |
---------------+-------------------+-----
Transmutations | 3 4 5 |  5.9
Fighting       | 2 |  2.0
Unarmed Combat | 4 |  4.8
Ice Magic      | 2 |  2.9
Dodging        | |  2.0
Spellcasting   | |  2.4

Action                   |  1- 3 |  4- 6 |  7- 9 || total
-------------------------+-------+-------+-------++-------
Melee: Unarmed           |    94 |   146 |    48 ||   288
       Kick              |    25 |    26 |     1 ||    52
       Constrict         |    25 |    36 |     2 ||    63
       Tentacles         |    11 |    18 |       ||    29
       Punch             |       |     6 |       ||     6
       Staff             |       |     1 |     8 ||     9
Throw: Tomahawk          |       |     9 |       ||     9
 Cast: Beastly Appendage |    23 |    30 |     2 ||    55
       Sticks to Snakes  |     5 |     4 |     4 ||    13
       Ice Form          |       |     4 |     5 ||     9
Evoke: Wand              |       |     3 |       ||     3
  Use: Potion            |       |       |     1 ||     1
 Stab: Sleeping          |     3 |     3 |       ||     6
  Eat: Chunk             |     3 |    11 |     4 ||    18
Armor: Skin              |     8 |    17 |    29 ||    54
Dodge: Dodged            |    54 |    76 |    60 ||   190
